 Dungeon Crawl Stone Soup version 0.27-a0-1193-g8631133539 (webtiles) character file.

Game seed: 11110356695769651714

43 bobarctor the Magician (level 3, 0/19 HPs)
             Began as a Deep Elf Hedge Wizard on May 25, 2021.
             Engulfed by a cloud of flame (17 damage)
             ... on level 2 of the Dungeon.
             The game lasted 00:08:32 (2011 turns).

bobarctor the Magician (Deep Elf Hedge Wizard)      Turns: 2011, Time: 00:08:33

Health: 0/19       AC:  3    Str:  7    XL:     3   Next: 37%
Magic:  5/12       EV: 12    Int: 19    God:
Gold:   61         SH:  0    Dex: 14    Spells: 2/13 levels left

rFire    . . .     SeeInvis .   a - +0 dagger
rCold    . . .     Faith    .   (no shield)
rNeg     . . .     Spirit   .   b - +0 robe
rPois    .         Reflect  .   c - +0 hat
rElec    .         Harm     .   (no cloak)
rCorr    .         Rampage  .   f - +0 pair of gloves
Will     .....                  (no boots)
Stlth    +.........             (no amulet)
HPRegen  0.06/turn              (no ring)
MPRegen  0.13/turn              (no ring)

@: confused
A: no striking features
a: no special abilities


You were on level 2 of the Dungeon.
You visited 1 branch of the dungeon, and saw 2 of its levels.

You collected 61 gold pieces.

Inventory:

Hand Weapons
 a - a +0 dagger (weapon)
Missiles
 g - 38 stones (quivered)
Armour
 b - a +0 robe (worn)
 c - a +0 hat (worn)
 f - a +0 pair of gloves (worn)
Scrolls
 d - a scroll of identify {unknown}
 e - a scroll of torment {unknown}
 i - a scroll of amnesia {unknown}
 j - a scroll of enchant weapon {unknown}
 l - a scroll of blinking {unknown}
Potions
 h - 2 potions of resistance {unknown}
 k - a potion of lignification {unknown}


   Skills:
 + Level 2.5 Dodging
 + Level 2.7 Stealth
 * Level 5.9 Spellcasting
 + Level 1.3 Conjurations
 + Level 1.1 Summonings
 + Level 1.1 Translocations
 * Level 0.1 Air Magic
 * Level 0.2 Poison Magic


You had 2 spell levels left.
You knew the following spells:

 Your Spells              Type           Power      Damage    Failure   Level
a - Magic Dart            Conj           40%        1d5       7%          1
b - Blink                 Tloc           N/A        N/A       11%         2
c - Mephitic Cloud        Conj/Pois/Air  7%         N/A       26%         3
d - Conjure Flame         Conj/Fire      8%         6-21      26%         3
e - Call Imp              Summ           9%         N/A       11%         2

Your spell library contained the following spells:

 Spells                   Type           Power      Damage    Failure   Level
 Slow                     Hex            5%         N/A       17%         2


Dungeon Overview and Level Annotations

Branches:
Dungeon (2/15)

Altars:


Message History

A black bear is nearby!
The black bear growls angrily.
Found 23 stones.
There is an open door here.
Casting: Magic Dart (safe; 7% risk of failure)
Confirm with . or Enter, or press ? or * to list all spells.
Okay, then.
Casting: Magic Dart (safe; 7% risk of failure)
Confirm with . or Enter, or press ? or * to list all spells.
The spell is potentially lethal to cast (26% risk of failure)!
Continue anyway?
The fire begins to smoulder!
The fire ignites!
There is an open door here.
Casting: Conjure Flame (potentially lethal; 26% risk of failure)
Confirm with . or Enter, or press ? or * to list all spells.
Aiming: Magic Dart (safe; 7% risk of failure)
Press: ? - help, Shift-Dir - straight line, f - black bear
Aim: a black bear (100% to hit)
The magic dart hits the black bear.
The black bear is lightly wounded.
Casting: Magic Dart (safe; 7% risk of failure)
Confirm with . or Enter, or press ? or * to list all spells.
You don't know that spell.
Casting: Magic Dart (safe; 7% risk of failure)
Confirm with . or Enter, or press ? or * to list all spells.
The spell is potentially lethal to cast (26% risk of failure)!
Continue anyway?
Aiming: Mephitic Cloud (potentially lethal; 26% risk of failure)
Press: ? - help, Shift-Dir - straight line, f/p - black bear
Aim: a black bear (lightly wounded, chance to affect: 72%) That beam is likely to hit you.
Continue anyway?
The ball explodes into a vile cloud!
The stinking cloud engulfs you but does no damage.
You are engulfed in noxious fumes.
You choke on the stench!
You are confused.
You are engulfed in noxious fumes.
You are engulfed in noxious fumes.
You choke on the stench!
You are more confused.
You are engulfed in blazing flames.
Ouch! That really hurt!
You die...

....# #.....#
#.#...# ....#
#.....# #.#...##
....# #.....# #
#....# ..... #
#....## #####
#.#.....#
#.....#.# ##+####
####....##
.......###°......#
.......h@'°......#
#####
.......###....#..#
....# ..J....
#....#÷.# ###.#
......( #....##.##
###.# .......
#....##..# .##.#
.......
#....###.## .##.#
....... #....#
#..# .##.# .......
#....# #..# .##.#
#....# ##.##


You could see a black bear and an endoplasm.

Vanquished Creatures
  A dart slug (D:1)
  4 ball pythons
  4 bats
  3 endoplasms
  2 giant cockroaches
  4 goblins
  2 hobgoblins (D:1)
  4 jackals (D:2)
  4 kobolds
  2 quokkas (D:1)
  3 frilled lizards (D:1)
33 creatures vanquished.

Notes
Turn   | Place    | Note
-------+----------+-------------------------------------------
     0 | D:1      | bobarctor the Deep Elf Hedge Wizard began the quest for the
                  | Orb.
     0 | D:1      | Reached XP level 1. HP: 10/10 MP: 7/7
   116 | D:1      | Reached skill level 5 in Spellcasting
   116 | D:1      | Reached XP level 2. HP: 15/15 MP: 0/10
   252 | D:1      | Learned a level 2 spell: Blink
  1087 | D:2      | Reached XP level 3. HP: 19/19 MP: 10/12
  1303 | D:2      | Learned a level 3 spell: Mephitic Cloud
  1307 | D:2      | Learned a level 3 spell: Conjure Flame
  1310 | D:2      | Learned a level 2 spell: Call Imp
  1332 | D:2      | Noticed a black bear
  2011 | D:2      | Engulfed by a cloud of flame

Illustrated notes

Levels and vault maps discovered:
D:1:      dpeg_arrival_tiny_h, layout_rooms, minmay_hedge_maze,
          minmay_misc_feat_roman
D:2:      layout_basic, hangedman_decor_lopped, minmay_misc_feat_rugged,
          lemuel_another_geyser

Skill      XL: |  1 |
---------------+----+-----
Spellcasting   | 5 |  5.9
Dodging        | |  2.5
Stealth        | |  2.7
Conjurations   | |  1.3
Summonings     | |  1.1
Translocations | |  1.1
Air Magic      | |  0.1
Poison Magic   | |  0.2

Action                   || total
-------------------------++-------
Melee: Dagger            ||     8
 Cast: Magic Dart        ||    93
       Blink             ||     1
       Mephitic Cloud    ||     2
       Conjure Flame     ||     1
Armor: Robe              ||    14
Dodge: Dodged            ||    16

Table legend: (Time is in decaauts)
 A = Elapsed time spent in this place.
 B = Non-inter-level travel time spent in this place.
 C = Inter-level travel time spent in this place.
 D = Time resting spent in this place.
 E = Time spent auto-exploring this place.
 F = Levels seen in this place.
 G = Mean time per level.
                   A        B        C        D        E       F      G
               +--------+--------+--------+--------+--------+-----+--------+
         Total |   2010 |   1997 |     13 |    784 |    957 |   2 | 1005.0 |
       Dungeon |   2010 |   1997 |     13 |    784 |    957 |   2 | 1005.0 |
               +--------+--------+--------+--------+--------+-----+--------+

Top non-repeatable levels by time:
     D:2: 1024 daAuts
     D:1: 986 daAuts
